 Dungeon Crawl Stone Soup version 0.28.0 (webtiles) character file.

Game seed: 12755177527778782828

242 pkoi the Gusty (level 5, -2/38 HPs)
             Began as a Draconian Air Elementalist on Feb 19, 2022.
             Slain by a killer bee (5 damage)
             ... on level 4 of the Dungeon.
             The game lasted 00:04:59 (4687 turns).

pkoi the Gusty (Draconian Air Elementalist)         Turns: 4687, Time: 00:04:59

Health: -2/38      AC:  5    Str: 11    XL:     5   Next: 81%
Magic:  2/10       EV: 12    Int: 17    God:
Gold:   259        SH:  0    Dex: 11    Spells: 2/10 levels left

rFire   . . .      SeeInvis .   d - +0 dagger
rCold   . . .      Faith    .   (no shield)
rNeg    . . .      Spirit   .   (armour unavailable)
rPois   .          Reflect  .   (helmet restricted)
rElec   .          Harm     .   (no cloak)
rCorr   .          Rampage  .   (no gloves)
Will    .....                   (no boots)
Stlth   ++........              (no amulet)
HPRegen 0.12/turn               (no ring)
MPRegen 0.12/turn               (no ring)

@: very slightly contaminated
A: AC +5, unfitting armour, cold-blooded
a: no special abilities


You were on level 4 of the Dungeon.
You visited 1 branch of the dungeon, and saw 5 of its levels.

You collected 259 gold pieces.

Inventory:

Hand Weapons
 d - a +0 dagger (weapon)
Scrolls
 a - 2 scrolls of noise {unknown}
 c - a scroll of teleportation {unknown}
 f - a scroll of torment {unknown}
 h - a scroll of silence {unknown}
 i - a scroll of blinking {unknown}
 k - 3 scrolls of identify {unknown}
 l - a scroll of vulnerability {unknown}
Potions
 b - a potion of attraction {unknown}
 e - a potion of ambrosia {unknown}
 g - a potion of curing {unknown}
 j - 3 potions of heal wounds {unknown}


   Skills:
 - Level 1.7 Dodging
 - Level 1.7 Stealth
 + Level 3.3 Spellcasting
 - Level 1.0 Conjurations
 * Level 5.8 Air Magic


You had 2 spell levels left.
You knew the following spells:

 Your Spells              Type           Power      Damage    Failure   Level
a - Shock                 Conj/Air       56%        1d6       4%          1
b - Swiftness             Air            22%        N/A       4%          3
c - Airstrike             Air            11%        N/A       16%         4

Your spell library contained the following spells:

 Spells                   Type           Power      Damage    Failure   Level
 Static Discharge         Conj/Air       14%        N/A       6%          2
 Summon Ice Beast         Ice/Summ       2%         N/A       86%         4
 Summon Mana Viper        Hex/Summ       2%         N/A       99%         5
 Monstrous Menagerie      Summ           1%         N/A       100%        7


Dungeon Overview and Level Annotations

Branches:
Dungeon (5/15)
 Temple: D:4-7

Altars:
Beogh

Annotations:
D:4 Edmund


Innate Abilities, Weirdness & Mutations

Your plain brown scales are hard. (AC +5)
You cannot fit into any form of body armour.
You are cold-blooded and may be slowed by cold attacks.


Message History

* * * LOW HITPOINT WARNING * * *
The killer bee completely misses you.
The killer bee stings you but does no damage.
The killer bee stings you.
* * * LOW HITPOINT WARNING * * *
Aiming: Shock (safe; 4% risk of failure)
Press: ? - help, Q - select action, (/) - cycle Shift-Dir - straight line The zap misses the killer bee.
The zap hits the killer bee.
You kill the killer bee!
You feel sick. The killer bee closely misses you. x2
Unknown command.
You feel sick.
You feel sick. The killer bee closely misses you.
Aiming: Shock (safe; 4% risk of failure)
Press: ? - help, Q - select action, (/) - cycle Shift-Dir - straight line The zap hits the killer bee.
The killer bee is moderately wounded.
The zap misses the killer bee.
You feel sick. The killer bee barely misses you. x2
Aiming: Shock (safe; 4% risk of failure)
Press: ? - help, Q - select action, (/) - cycle Shift-Dir - straight line You miscast Shock.
You are very lightly contaminated with residual magic.
Nothing appears to happen.
You feel sick.
You are no longer poisoned.
The killer bee stings you.
* * * LOW HITPOINT WARNING * * *
The killer bee stings you.
* * * LOW HITPOINT WARNING * * *
Aiming: Shock (safe; 4% risk of failure)
Press: ? - help, Q - select action, (/) - cycle Shift-Dir - straight line The zap hits the killer bee.
The killer bee is heavily wounded.
The zap hits the killer bee.
The killer bee is almost dead.
The killer bee stings you.
* * * LOW HITPOINT WARNING * * *
The killer bee stings you.
You die...

#.............#
#.............####
#...>.............
###########..........#######
#............#.#####.# #.@..
#............#.# #.# #.##.
#............#.# #.# #.
#............#.# #.# +.
#..........@.#.# #.
#...........y#†#####. #.
#..................... +.
#....................#
#.....................
#...................##
#...................#
#............########
##............


You could see a killer bee.

Vanquished Creatures
  A lemure (D:3)
  A killer bee (D:4)
  3 orc priests (D:3)
  Robin (D:2)
  An adder (D:3)
  An adder skeleton (D:4)
  3 dart slugs
  5 orcs (D:3)
  6 bats
  6 endoplasms
  A giant cockroach (D:1)
  13 goblins
  10 hobgoblins
  5 jackals
  A quokka (D:3)
  3 ball pythons
  A frilled lizard (D:2)
  2 kobolds
  6 rats
70 creatures vanquished.

Notes
Turn   | Place    | Note
-------+----------+-------------------------------------------
     0 | D:1      | pkoi the Draconian Air Elementalist began the quest for the
                  | Orb.
     0 | D:1      | Reached XP level 1. HP: 14/14 MP: 3/3
   305 | D:1      | Reached XP level 2. HP: 20/20 MP: 3/5
  1033 | D:2      | Reached skill level 4 in Air Magic
  1493 | D:2      | Reached XP level 3. HP: 26/26 MP: 3/6
  1532 | D:2      | Noticed Robin
  1704 | D:2      | Killed Robin
  2216 | D:2      | Learned a level 3 spell: Swiftness
  2631 | D:3      | Reached XP level 4. HP: 33/33 MP: 5/7
  2899 | D:3      | Reached skill level 5 in Air Magic
  3427 | D:3      | Reached XP level 5. HP: 38/38 MP: 2/9
  4335 | D:4      | Learned a level 4 spell: Airstrike
  4422 | D:4      | Noticed a lemure
  4476 | D:3      | Killed a lemure
  4611 | D:4      | Noticed Edmund
  4663 | D:5      | Entered Level 5 of the Dungeon
  4687 | D:4      | Slain by a killer bee

Illustrated notes

Levels and vault maps discovered:
D:1:      saegor_arrival_simple_c, layout_loops_ring, kennysheep_doodads,
          st_stairs_7
D:2:      layout_loops_cross, uniq_robin
D:3:      layout_loops_cross, kennysheep_orc_chapel
D:4:      layout_basic, uniq_edmund, uniq_pikel
D:5:      layout_basic, uniq_crazy_yiuf_cottage

Skill      XL: |  1  2  3  4  5 |
---------------+----------------+-----
Air Magic      | 4 5 |  5.8
Spellcasting   | 3 |  3.3
Dodging        | |  1.7
Stealth        | |  1.7
Conjurations   | |  1.0

Action                   |  1- 3 |  4- 6 || total
-------------------------+-------+-------++-------
Melee: Unarmed           |     4 |       ||     4
       Dagger            |     2 |    31 ||    33
       Tailslap          |       |     2 ||     2
       Punch             |       |     1 ||     1
 Cast: Shock             |    84 |    82 ||   166
Armor: Skin              |     5 |    16 ||    21
Dodge: Dodged            |    12 |    55 ||    67
